 Dungeon Crawl Stone Soup version 0.20.0-15-g7f486f2 (webtiles) character file.

7070 valhalheru the Basher (level 11, 0/95 HPs)
             Began as a Hill Orc Fighter on July 4, 2017.
             Was an Initiate of Gozag.
             Slain by a wyvern (12 damage)
             ... on level 8 of the Dungeon.
             The game lasted 00:33:36 (8331 turns).

valhalheru the Basher (Hill Orc Fighter)            Turns: 8331, Time: 00:33:37

Health: 0/95       AC: 18    Str: 27    XL:     11   Next: 9%
Magic:  14/14      EV: 11    Int:  9    God:    Gozag
Gold:   1082       SH: 12    Dex: 10    Spells: 14/14 levels left

rFire    x . .     SeeInvis .   b - +1 flail (holy)
rCold    + + .     Gourm    +   c - +0 shield
rNeg     . . .     Faith    .   m - +0 ice dragon scales
rPois    .         Spirit   .   p - +0 helmet
rElec    .         Reflect  .   j - +0 cloak
rCorr    .         Harm     .   i - +0 pair of gloves
MR       .....                  n - +0 pair of boots
Stlth    ..........             v - amulet of the gourmand
Regen    0.3/turn               (no ring)
MPRegen  0.2/turn               (no ring)

@: mighty, very slightly contaminated
A: no striking features
a: Potion Petition, Call Merchant, Bribe Branch, Renounce Religion


You were on level 8 of the Dungeon.
You worshipped Gozag.
Gozag was most pleased with you.
You were not hungry.

You visited 2 branches of the dungeon, and saw 9 of its levels.

You collected 1128 gold pieces.
You paid 46 gold pieces to Gozag.

Inventory:

Hand Weapons
 b - a +1 flail of holy wrath (weapon)
 q - a +1 mace of crushing
 u - a +0 shortbow
 C - a +3 mace
Missiles
 e - 23 poisoned needles
 t - 8 tomahawks (quivered)
 x - 15 arrows
Armour
 c - a +0 shield (worn)
 i - a +0 pair of gloves (worn)
 j - a +0 cloak (worn)
 m - +0 ice dragon scales (worn)
 n - a +0 pair of boots (worn)
 p - a +0 helmet (worn)
Jewellery
 a - an uncursed amulet of faith {unknown}
 v - an amulet of the gourmand (around neck)
 y - a cursed +1 ring of protection {unknown}
Scrolls
 f - 3 scrolls of amnesia
 l - 6 scrolls of teleportation
 o - a scroll of fog
 w - 2 scrolls of blinking
 B - 5 scrolls of recharging
 D - a scroll of torment {unknown}
Potions
 g - 3 potions of agility
 s - 2 potions of brilliance
 A - 4 potions of curing
Comestibles
 h - 3 bread rations
 z - 2 meat rations


   Skills:
 + Level 8.5 Fighting
   Level 2.0 Short Blades
 + Level 9.5 Maces & Flails
 + Level 2.7 Throwing
 + Level 8.5 Armour
 + Level 5.3 Dodging
 + Level 3.0 Stealth
 + Level 9.3 Shields
 + Level 3.4 Unarmed Combat
 + Level 2.3 Spellcasting


You had 14 spell levels left.
You didn't know any spells.

Dungeon Overview and Level Annotations

Branches:
Dungeon (8/15)             Temple (1/1) D:4
   Lair: D:8-11

Altars:
Ashenzari
Cheibriados
Dithmenos
Elyvilon
Fedhas
Gozag
Hepliaklqana
Kikubaaqudgha
Makhleb
Nemelex Xobeh
Okawaru
Qazlal
Ru
Sif Muna
Trog
Uskayaw
Vehumet
Xom
Yredelemnul
Zin
The Shining One

Shops:
D:5 [


Message History

Your shield and ice dragon scales prevent you from hitting the wyvern.
The big kobold is no longer distracted by gold.
You block the wyvern's attack. You block the orc's attack.
A crimson imp comes into view.
You barely miss the wyvern. You block the wyvern's attack.
The orc drinks a potion.
The orc suddenly seems more agile.
You block the orc's attack.
The big kobold hits you but does no damage.
The wyvern closely misses you.
A two-headed ogre comes into view. It is wielding two giant spiked clubs.
The two-headed ogre shouts in stereo!
You hit the wyvern.
The wyvern is lightly wounded.
You block the wyvern's attack. The orc closely misses you.
You completely miss the wyvern.
The wyvern is lightly wounded.
You block the wyvern's attack. You block the big kobold's attack.
The wyvern bites you!
You die...
Your body crumbles into a pile of gold.

.>..... ## ## ##
### ######## $ #$#
#.#
#$###|###)###?#.
$#.# #)# #.#.#.#
#.#.#.# #.#
#K###o###.###.#.#)
$ #.# #.#y#.#
#.#.#.#z#
#5###l###.#
#.#.#o## #o#K#.#
#.# #o#$#.#
#@###.#
#.#.#ยง###) #l#.#
#l# #o#l#.# # #s#
#O# #o#.#.# #.#
#.# #=# #.#.#. #.#
#.# #Z# #.# #$ #.#
#.#.#. # #.# #.#
.# l#.


You could see a two-headed ogre, a wyvern, a big kobold, a scorpion (wandering),
an iguana, a killer bee, a crimson imp, 2 orcs and an adder skeleton
(wandering).

Vanquished Creatures
  Gastronok (D:8)
  A two-headed ogre (D:7)
  Prince Ribbit (D:7)
  A wyvern (D:8)
  Edmund (D:4)
  A necrophage (D:8)
  A phantom (D:5)
  4 sky beasts
  An ice beast (D:8)
  3 ogres (D:5)
  A centaur (D:7)
  A wyvern zombie (D:8)
  2 scorpions
  4 killer bees (D:8)
  2 howler monkeys
  A wight (D:7)
  3 crimson imps (D:5)
  4 jellies
  A bullfrog zombie (D:5)
  3 hounds
  2 centaur skeletons
  3 orc priests (D:5)
  A bullfrog skeleton (D:5)
  Terence (D:2)
  Jessica (D:2)
  11 orc wizards
  2 worker ants
  A hound zombie (D:8)
  2 hound skeletons
  6 adders
  5 gnolls
  An ooze (D:1)
  An adder zombie (D:7)
  2 worms
  3 dart slugs
  5 leopard geckos
  26 orcs
  6 giant cockroaches
  9 goblins
  5 hobgoblins
  14 jackals
  4 kobolds
  8 quokkas
  4 ball pythons
  11 bats
  8 frilled lizards
  A jackal skeleton (D:7)
  A leopard gecko skeleton (D:5)
  A leopard gecko zombie (D:5)
  7 rats
189 creatures vanquished.

Notes
Turn   | Place    | Note
-------+----------+-------------------------------------------
     0 | D:1      | valhalheru the Hill Orc Fighter began the quest for the Orb.
     0 | D:1      | Reached XP level 1. HP: 19/19 MP: 1/1
   215 | D:1      | Reached XP level 2. HP: 13/27 MP: 2/2
   455 | D:1      | Reached XP level 3. HP: 33/33 MP: 3/3
  1501 | D:2      | Reached XP level 4. HP: 26/40 MP: 4/4
  2096 | D:2      | Noticed Terence
  2222 | D:2      | Killed Terence
  2671 | D:2      | Noticed Jessica
  2690 | D:2      | Killed Jessica
  2690 | D:2      | Reached XP level 5. HP: 45/46 MP: 5/5
  3058 | D:3      | Reached skill level 1 in Short Blades
  3609 | D:4      | Noticed Edmund
  3639 | D:4      | Killed Edmund
  3639 | D:4      | Reached skill level 1 in Dodging
  3639 | D:4      | Reached skill level 5 in Shields
  3639 | D:4      | Reached XP level 6. HP: 40/53 MP: 6/6
  4015 | D:4      | Found a staircase to the Ecumenical Temple.
  4078 | Temple   | Entered the Ecumenical Temple
  4241 | Temple   | Became a worshipper of Gozag Ym Sagoz the Greedy
  4528 | D:5      | Entered Level 5 of the Dungeon
  4583 | D:5      | Reached XP level 7. HP: 60/60 MP: 7/7
  4593 | D:5      | Reached skill level 5 in Armour
  4808 | D:5      | Reached skill level 5 in Fighting
  4840 | D:5      | Reached XP level 8. HP: 30/68 MP: 8/8
  5094 | D:5      | Reached skill level 5 in Maces & Flails
  5387 | D:5      | Found Bucweaw's Antique Armour Boutique.
  6205 | D:6      | Reached XP level 9. HP: 71/78 MP: 9/9
  7016 | D:7      | Reached skill level 5 in Dodging
  7016 | D:7      | Reached XP level 10. HP: 88/88 MP: 9/13
  7566 | D:7      | Noticed Prince Ribbit
  7594 | D:7      | Killed Prince Ribbit
  7773 | D:7      | Noticed a two-headed ogre
  7786 | D:7      | Killed a two-headed ogre
  8252 | D:8      | Noticed Gastronok
  8278 | D:8      | Killed Gastronok
  8278 | D:8      | Reached XP level 11. HP: 36/95 MP: 14/14
  8330 | D:8      | Noticed a two-headed ogre
  8331 | D:8      | Slain by a wyvern

Skill      XL: |  1  2  3  4  5  6  7  8  9 10 |
---------------+-------------------------------+-----
Fighting       | 4 5 6 7 8 |  8.5
Shields        | 4 5 6 7 8 9 |  9.3
Armour         | 4 5 6 8 |  8.5
Short Blades   | 1 2 |  2.0
Dodging        | 1 2 5 |  5.3
Maces & Flails | 4 6 8 9 |  9.5
Throwing       | 2 |  2.7
Stealth        | 3 |  3.0
Unarmed Combat | 3 |  3.4
Spellcasting   | 2 |  2.3

Action                   |  1- 3 |  4- 6 |  7- 9 | 10-12 || total
-------------------------+-------+-------+-------+-------++-------
Melee: Flail             |    78 |       |       |   107 ||   185
       Dagger            |    86 |   499 |       |       ||   585
       Mace              |       |    20 |   349 |    92 ||   461
  Use: Potion            |     2 |     6 |     4 |     3 ||    15
       Scroll            |     2 |     9 |     6 |     2 ||    19
  Eat: Bread ration      |     1 |     2 |       |       ||     3
       Fruit             |     1 |       |     8 |       ||     9
       Royal jelly       |       |       |     1 |     2 ||     3
Armor: Scale mail        |    85 |     2 |       |       ||    87
       Ice dragon scales |       |   263 |   226 |    84 ||   573
Dodge: Dodged            |    45 |   155 |    96 |    86 ||   382
Block: Shield            |    83 |   276 |   195 |   124 ||   678
